 Dungeon Crawl Stone Soup version 0.31-a0-175-g9f7f995f2b (webtiles) character file.

Game seed: 17470742116688441506

5539 chunkyMonkey the Protected (level 10, -19/83 HPs)
             Began as a Demigod Fighter on June 16, 2023.
             Succumbed to Sonja's poison
             ... on level 10 of the Dungeon.
             The game lasted 00:16:32 (10943 turns).

chunkyMonkey the Protected (Demigod Fighter)       Turns: 10943, Time: 00:16:32

Health: -19/83     AC: 15    Str: 29    XL:     10   Next: 20%
Magic:  13/13      EV: 10    Int: 16    God:
Gold:   272        SH:  7    Dex: 19    Spells: 9/9 levels left

rFire   . . .        B - +4 mace (freeze)
rCold   . . .        c - +0 buckler
rNeg    . . .        e - +1 scale mail "Wageiklama" {Rampage}
rPois   .            l - +2 helmet
rElec   .            (no cloak)
rCorr   .            v - +0 pair of gloves
SInv    .            o - +0 pair of boots
Will    +....        y - amulet of regeneration Stlth
                     g - +6 ring of dexterity
HPRegen 1.13/turn    b - +6 ring of intelligence
MPRegen 0.13/turn

%: rampage
@: lethally poisoned (-19 -> -93), about to teleport, slowed, very slow
A: high MP 1, forlorn, divine attributes
a: no special abilities


You were on level 10 of the Dungeon.
You visited 1 branch of the dungeon, and saw 10 of its levels.

You collected 508 gold pieces.
You spent 236 gold pieces at shops.

Inventory:

Hand Weapons
 a - a +0 war axe
 r - a +0 whip of flaming
 B - a +4 mace of freezing (weapon)
Missiles
 q - 8 poisoned darts
 C - 2 throwing nets
Armour
 c - a +0 buckler (worn)
 e - the +1 scale mail "Wageiklama" (worn) {Rampage}
   (You found it on level 8 of the Dungeon)

   Rampage:   It bestows one free step when moving towards enemies.
 l - a +2 helmet (worn)
 o - a +0 pair of boots (worn)
 v - a +0 pair of gloves (worn)
Jewellery
 b - a +6 ring of intelligence (right hand)
 g - a +6 ring of dexterity (left hand)
 i - a ring of fire
 m - a ring of wizardry
 y - an amulet of regeneration (around neck)
 G - a ring of magical power
Wands
 t - a wand of polymorph (11)
 z - a wand of roots (5)
 E - a wand of paralysis (2)
 H - a wand of flame (17)
 K - a wand of mindburst (8)
Scrolls
 k - 2 scrolls of poison
 p - 2 scrolls of immolation
 s - 2 scrolls of enchant weapon
 u - 2 scrolls of amnesia
 w - 2 scrolls of teleportation
 x - a scroll of enchant armour
 A - a scroll of brand weapon
Potions
 d - 3 potions of curing
 f - 2 potions of cancellation
 h - 2 potions of heal wounds
 j - a potion of ambrosia {unknown}
 n - 2 potions of berserk rage {unknown}
 D - a potion of mutation {unknown}
 F - a potion of brilliance {unknown}
 I - a potion of invisibility {unknown}
 J - a potion of attraction {unknown}


   Skills:
 + Level 6.1 Fighting
 * Level 8.0 Axes
 * Level 8.1 Armour
 * Level 8.1 Shields


You had 9 spell levels left.
You didn't know any spells.
Your spell library contained the following spells:

 Spells                   Type           Power      Damage    Failure   Level
 Frozen Ramparts          Ice            0%         1d1       86%         3
 Vhi's Electric Charge    Tloc/Air       0%         N/A       86%         3
 Ice Form                 Ice/Tmut       0%         N/A       99%         4
 Olgreb's Toxic Radiance  Pois           0%         N/A       99%         4
 Summon Ice Beast         Ice/Summ       0%         N/A       99%         4
 Arcjolt                  Conj/Air       0%         1d10      100%        5
 Discord                  Hex            0%         N/A       100%        8
 Ignition                 Fire           0%         3d3       100%        8
 Maxwell's Capacitive Co  Air            0%         ∞         100%        8
 Chain Lightning          Conj/Air       0%         N/A       100%        9
 Fire Storm               Conj/Fire      0%         5d1       100%        9
 Shatter                  Erth           0%         3d5*      100%        9


Dungeon Overview and Level Annotations

Branches:
Dungeon (10/15)            Temple (0/1) D:7            Lair (0/5) D:9
    Orc: D:9-12

Shops:
D:5 *[

Annotations:
D:8 3 runed translucent doors, SigmundSlayer's ghost, novice DgHu
D:10 Sonja


Innate Abilities, Weirdness & Mutations

You have an increased reservoir of magic. (+10% MP)
You shall have no god before yourself.
Your divine heritage dramatically boosts your attributes as you level up.


Message History

You feel extremely sick. You block Sonja's attack. Sonja barely misses you. x2
Sonja hits you with a +0 dagger of venom.
You are lethally poisoned!
Sonja hits you but does no damage. Sonja misses you.
Unknown command.
You closely miss Sonja.
* * * LOW HITPOINT WARNING * * *
You feel extremely sick.
Sonja hits you with a +0 dagger of venom.
* * * LOW HITPOINT WARNING * * *
You are more poisoned.
Sonja misses you. Sonja hits you but does no damage.
You are more poisoned.
Sonja hits you but does no damage. You block Sonja's attack.
Sonja hits you but does no damage.
You are more poisoned.
Sonja hits you with a +0 dagger of venom.
* * * LOW HITPOINT WARNING * * *
You are more poisoned.
Sonja hits you but does no damage.
You are more poisoned.
Sonja hits you with a +0 dagger of venom.
* * * LOW HITPOINT WARNING * * *
You are more poisoned.
You feel much better.
* * * LOW HITPOINT WARNING * * *
You feel extremely sick. Sonja misses you. Sonja hits you but does no damage.
You are more poisoned.
Sonja hits you but does no damage.
You are more poisoned.
Sonja hits you with a +0 dagger of venom!
* * * LOW HITPOINT WARNING * * *
You are more poisoned.
Sonja closely misses you. Sonja barely misses you.
Okay, then.
As you read the scroll of teleportation, it crumbles to dust.
You feel strangely unstable.
You die...

.##........
.........
#..#.....
#..#...#
###......##
#.........# .
#..K.....##..
#.@#[........
#.##.......#
#.........##
#.....#..##
##.....#.##
##...<....#
#........##
#.....####
#....##


You could see Sonja.

Vanquished Creatures
  A two-headed ogre (D:8)
  An elephant (D:9)
  Prince Ribbit (D:6)
  A troll (D:9)
  A shadow (D:9)
  A basilisk (D:8)
  6 yaks (D:8)
  2 steam dragons
  A water moccasin (D:6)
  2 orc warriors (D:7)
  A sky beast (D:8)
  An ice beast (D:5)
  A black bear (D:8)
  2 centaurs (D:9)
  An ogre (D:6)
  2 phantoms (D:6)
  5 scorpions
  9 killer bees
  A howler monkey (D:6)
  3 jellies
  5 hounds
  7 orc priests
  A gnoll bouda (D:7)
  A sleepcap (D:7)
  5 iguanas
  10 orc wizards
  9 gnolls
  8 adders
  2 ufetubi
  2 worms
  4 dart slugs
  30 orcs
  6 endoplasms
  2 giant cockroaches
  13 hobgoblins
  7 kobolds
  4 quokkas
  9 ball pythons
  4 bats
  5 frilled lizards
  11 goblins
  3 rats
191 creatures vanquished.

Vanquished Creatures (others)
  A white imp (D:8)
  An orc (D:8)
2 creatures vanquished.

Grand Total: 193 creatures vanquished

Notes
Turn   | Place    | Note
-------+----------+-------------------------------------------
     0 | D:1      | chunkyMonkey the Demigod Fighter began the quest for the
                  | Orb.
     0 | D:1      | Reached XP level 1. HP: 18/18 MP: 3/3
   239 | D:1      | Reached XP level 2. HP: 25/25 MP: 4/4
   919 | D:2      | Reached XP level 3. HP: 30/30 MP: 5/5
  1730 | D:3      | Reached XP level 4. HP: 16/38 MP: 6/6
  2636 | D:4      | Reached XP level 5. HP: 37/45 MP: 7/7
  3450 | D:4      | Reached XP level 6. HP: 44/51 MP: 8/8
  3563 | D:5      | Entered Level 5 of the Dungeon
  3818 | D:5      | Found Atobue Xuuto's Armour Shop.
  3821 | D:5      | Bought a +0 pair of boots for 58 gold pieces
  3821 | D:5      | Bought a +0 pair of gloves for 58 gold pieces
  4122 | D:5      | Found Cubbor's General Store.
  4124 | D:5      | Found Itaesit's Specific Store.
  4139 | D:5      | Reached XP level 7. HP: 27/58 MP: 9/9
  4154 | D:5      | Bought a scroll of teleportation for 45 gold pieces
  4158 | D:5      | Bought a scroll of enchant armour for 75 gold pieces
  4536 | D:5      | Reached skill level 5 in Armour
  4767 | D:6      | Reached skill level 5 in Shields
  5024 | D:6      | Reached skill level 5 in Axes
  5058 | D:6      | Reached XP level 8. HP: 51/67 MP: 10/10
  5866 | D:7      | Noticed Prince Ribbit
  5894 | D:6      | Killed Prince Ribbit
  6241 | D:7      | Found a staircase to the Ecumenical Temple.
  6789 | D:7      | Reached skill level 5 in Fighting
  7228 | D:8      | Found a runed translucent gate.
  7228 | D:8      | Found a runed translucent gate.
  7229 | D:8      | Found a runed translucent gate.
  7235 | D:8      | Noticed SigmundSlayer's ghost (novice DgHu)
  7443 | D:7      | Reached XP level 9. HP: 28/74 MP: 12/12
  8135 | D:8      | Noticed a two-headed ogre
  8152 | D:8      | Killed a two-headed ogre
  8161 | D:8      | HP: 5/111 [yak (9)]
  8521 | D:8      | Identified the +1 scale mail "Wageiklama" {Rampage}
  9888 | D:9      | Found a staircase to the Lair.
  9888 | D:9      | Noticed an elephant
  9943 | D:8      | Reached XP level 10. HP: 57/83 MP: 13/13
 10329 | D:9      | Killed an elephant
 10907 | D:10     | Entered Level 10 of the Dungeon
 10931 | D:10     | Noticed Sonja
 10943 | D:10     | Succumbed to Sonja's poison

Illustrated notes

Levels and vault maps discovered:
D:1:      nzn_arrival_settlement, layout_basic
D:2:      layout_basic, minmay_pentomino_pile
D:3:      layout_basic, nzn_wu_jian_council_hall, lemuel_round_altar,
          dk_noncrumbling_2, nicolae_concentric_dashed_squares_wild,
          grunt_decor_clamped, supply_closet_lemuel, kennysheep_generic_room_15
D:4:      layout_gridville, trog_butcher_becter,
          mainiacjoe_overflow_small_starburst, minmay_hedge_maze
D:5:      layout_gridville, nicolae_dithmenos_the_darkroom, serial_shops, shop,
          nicolae_specific_store
D:6:      layout_gridville, nicolae_tso_carved_into_rock
D:7:      layout_cave_pools, minmay_temple_entry_junction_2,
          kennysheep_generic_room_12, uniq_prince_ribbit1
D:8:      layout_rooms, mainiacjoe_overflow_24_doors, fedhas_altar_1,
          hellmonk_okawaru_the_only_friend_you_need, ebering_ghost_rock_garden
D:9:      layout_roguey, mainiacjoe_overflow_alcove_4, david_lair_generic
D:10:     layout_cave_pools, mainiacjoe_overflow_six_doors_small,
          hiddenorc2_lemuel, nzn_sisyphean_effort, uniq_fannar, uniq_sonja

Skill      XL: |  1  2  3  4  5  6  7  8  9 10 |
---------------+-------------------------------+-----
Axes           | 2 3 4 5 6 7 8 |  8.0
Armour         | 3 4 5 6 7 8 |  8.1
Shields        | 3 4 5 6 7 8 |  8.1
Fighting       | 3 4 5 6 |  6.1

Action                     |  1- 3 |  4- 6 |  7- 9 | 10-12 || total
---------------------------+-------+-------+-------+-------++-------
  Melee: War axe           |   123 |   232 |   331 |       ||   686
         Mace              |       |       |    64 |    60 ||   124
  Evoke: Wand              |       |       |     1 |       ||     1
    Use: Potion            |       |     1 |     3 |     2 ||     6
         Scroll            |       |     6 |     5 |     4 ||    15
 Armour: Scale mail        |    70 |    20 |    29 |    63 ||   182
         Chain mail        |       |   105 |   144 |       ||   249
         Plate armour      |       |       |   151 |       ||   151
         Skin              |       |       |    15 |       ||    15
  Dodge: Dodged            |    80 |    71 |   171 |    39 ||   361
  Block: Buckler           |    41 |    50 |   151 |    40 ||   282

Table legend: (Time is in decaauts)
 A = Elapsed time spent in this place.
 B = Non-inter-level travel time spent in this place.
 C = Inter-level travel time spent in this place.
 D = Time resting spent in this place.
 E = Time spent auto-exploring this place.
 F = Levels seen in this place.
 G = Mean time per level.
                   A        B        C        D        E       F      G
               +--------+--------+--------+--------+--------+-----+--------+
         Total |  11195 |  10858 |    337 |   3230 |   5550 |  10 | 1119.5 |
       Dungeon |  11195 |  10858 |    337 |   3230 |   5550 |  10 | 1119.5 |
               +--------+--------+--------+--------+--------+-----+--------+

Top non-repeatable levels by time:
     D:8: 2107 daAuts
     D:9: 1789 daAuts
     D:6: 1280 daAuts
     D:5: 1153 daAuts
     D:7: 1140 daAuts
     D:3: 1012 daAuts
     D:4: 953 daAuts
     D:1: 868 daAuts
     D:2: 847 daAuts
    D:10: 43 daAuts
